 Dungeon Crawl Stone Soup version 0.27-a0-366-g8badd94918 (webtiles) character file.

Game seed: 5595147906914651917

87 sahdkjhfkaj the Insei (level 4, -2/29 HPs)
             Began as an Octopode Transmuter on Feb 16, 2021.
             Slain by a goblin (6 damage)
             ... led by Robin
             ... on level 1 of the Dungeon.
             The game lasted 00:02:41 (2221 turns).

sahdkjhfkaj the Insei (Octopode Transmuter)         Turns: 2221, Time: 00:02:41

Health: -2/29      AC:  1    Str: 10    XL:     4   Next: 51%
Magic:  4/7        EV: 13    Int: 15    God:
Gold:   99         SH:  0    Dex: 12    Spells: 4/8 levels left

rFire    . . .     SeeInvis .     - Unarmed
rCold    . . .     Faith    .   (no shield)
rNeg     . . .     Spirit   .   (helmet restricted)
rPois    .         Reflect  .   (no amulet)
rElec    .         Harm     .   (no ring)
rCorr    .         Rampage  .   (no ring)
Will     .....                  (no ring)
Stlth    ++........             (no ring)
HPRegen  0.09/turn              (no ring)
MPRegen  0.10/turn              (no ring)
                                (no ring)
                                (no ring)

@: invisible
A: almost no armour, stealthy swim, amphibious, 8 rings, constrict 8, camouflage
1, gelatinous body 1
a: no special abilities


You were on level 1 of the Dungeon.
You visited 1 branch of the dungeon, and saw 2 of its levels.

You collected 99 gold pieces.

Inventory:

Potions
 d - a potion of haste {@q3}
 e - a potion of might {@q4}
 g - 2 potions of curing {unknown}


   Skills:
 - Level 2.1 Fighting
 - Level 2.0 Dodging
 - Level 3.6 Unarmed Combat
 + Level 2.5 Spellcasting
 + Level 2.5 Transmutations
 + Level 1.7 Poison Magic


You had 4 spell levels left.
You knew the following spells:

 Your Spells              Type           Power        Failure   Level
a - Beastly Appendage     Tmut           18%          8%          1
x - Spider Form           Tmut/Pois      4%           26%         3

Your spell library contained the following spells:

 Spells                   Type           Power        Failure   Level
 Wereblood                Tmut           9%           11%         2
 Ice Form                 Ice/Tmut       5%           77%         4
 Blade Hands              Tmut           4%           90%         5


Dungeon Overview and Level Annotations

Branches:
Dungeon (2/15)

Altars:

Annotations:
D:2 Robin


Innate Abilities, Weirdness & Mutations

You cannot wear most types of armour.
You are very stealthy in the water. (Stealth+)
You are amphibious.
You can wear up to eight rings at the same time.
You can use your tentacles to constrict eight enemies at once.
Your skin changes colour to match your surroundings (Stealth+).
Your rubbery body absorbs attacks. (AC +1, EV +1)


Message History

The goblin no longer looks unusually strong.
Robin roars a battlecry!
The goblins go into a battle-frenzy!
The goblin completely misses you. The goblin hits you but does no damage.
Unknown command.
Robin roars a battlecry!
The goblin completely misses you.
You hear an angry hiss.
Unknown command.
The goblin closely misses you.
Unknown command.
Unknown command.
Robin throws the goblin at you! The goblin completely misses you.
Robin throws the goblin at you!
You barely miss the goblin. The goblin hits you but does no damage.
The goblin closely misses you. x2
You hit the goblin.
The goblin is poisoned.
The goblin is moderately wounded.
The goblin hits you but does no damage. x2; The goblin completely misses you.
The goblin misses you.
You kill the goblin!
The goblin hits you with a +0 dagger.
Unknown command.
The goblin no longer looks unusually strong.
Robin roars a battlecry!
The goblins go into a battle-frenzy!
There is a stone staircase leading up here.
Your transformation has ended.
The goblin hits you with a +0 dagger. The goblin hits you.
* * * LOW HITPOINT WARNING * * *
The goblin barely misses you.
You climb upwards.
There is a stone staircase leading down here.
Unknown command.
Unknown command.
You fade into invisibility!
The goblin hits you with a +0 dagger.
* * * LOW HITPOINT WARNING * * *
The goblin hits you.
You die...

#.####### #.# ######### #.#
#.......# #.# #.......# #.#
#.......# #.# #.)....># #.#
#[......# ####.#### #.......#
#g@g....# #.##.##.# #g##.##.#
#.##.##.# #.#...#.# #.##....#
#####.##.##.# #.#####.#
#......#.##.# #.......#
###########.###.......# #.......#
............####.#.######..#.##..
####.##........#>#.........#.....
####.##.##...........####.##....#


You could see 3 goblins.

Vanquished Creatures
  4 adders (D:2)
  An ooze (D:2)
  3 dart slugs (D:1)
  A giant cockroach (D:1)
  9 goblins
  3 hobgoblins
  5 jackals
  4 kobolds
  A ball python (D:2)
  5 bats
  A frilled lizard (D:2)
  5 rats
42 creatures vanquished.

Notes
Turn   | Place    | Note
-------+----------+-------------------------------------------
     0 | D:1      | sahdkjhfkaj the Octopode Transmuter began the quest for the
                  | Orb.
     0 | D:1      | Reached XP level 1. HP: 13/13 MP: 3/3
   408 | D:1      | Reached XP level 2. HP: 18/18 MP: 5/5
  1125 | D:1      | Reached XP level 3. HP: 18/24 MP: 6/6
  1310 | D:2      | Learned a level 3 spell: Spider Form
  1467 | D:2      | Reached skill level 1 in Poison Magic
  1630 | D:2      | Reached XP level 4. HP: 20/29 MP: 5/7
  2179 | D:2      | Noticed Robin
  2221 | D:1      | Slain by a goblin

Illustrated notes

Levels and vault maps discovered:
D:1:      psy_arrival_statuary, layout_loops_cross
D:2:      layout_rooms, uniq_robin

Skill      XL: |  1  2  3 |
---------------+----------+-----
Fighting       | 2 |  2.1
Poison Magic   | 1 |  1.7
Dodging        | |  2.0
Unarmed Combat | |  3.6
Spellcasting   | |  2.5
Transmutations | |  2.5

Action                   |  1- 3 |  4- 6 || total
-------------------------+-------+-------++-------
Melee: Unarmed           |    84 |    30 ||   114
       Constrict         |    22 |     3 ||    25
       Tentacles         |    10 |       ||    10
       Punch             |     2 |       ||     2
       Kick              |     5 |     1 ||     6
 Cast: Beastly Appendage |     9 |     2 ||    11
       Spider Form       |       |     2 ||     2
  Use: Scroll            |       |     5 ||     5
       Potion            |       |     1 ||     1
 Stab: Sleeping          |     4 |     2 ||     6
Armor: Skin              |     6 |    10 ||    16
Dodge: Dodged            |    49 |    31 ||    80
Block: Buckler           |     2 |       ||     2

Table legend: (Time is in decaauts)
 A = Elapsed time spent in this place.
 B = Non-inter-level travel time spent in this place.
 C = Inter-level travel time spent in this place.
 D = Time resting spent in this place.
 E = Time spent auto-exploring this place.
 F = Levels seen in this place.
 G = Mean time per level.
                   A        B        C        D        E       F      G
               +--------+--------+--------+--------+--------+-----+--------+
         Total |   2212 |   2180 |     32 |      0 |   1871 |   2 | 1106.0 |
       Dungeon |   2212 |   2180 |     32 |      0 |   1871 |   2 | 1106.0 |
               +--------+--------+--------+--------+--------+-----+--------+

Top non-repeatable levels by time:
     D:1: 1271 daAuts
     D:2: 941 daAuts
